 Dungeon Crawl Stone Soup version 0.28-a0-631-g0446da8ef9 (webtiles) character file.

Game seed: 3735521154437875348

49 sanka the Changer (level 3, 0/27 HPs)
             Began as a Demigod Transmuter on Oct 9, 2021.
             Slain by a hobgoblin (3 damage)
             ... on level 1 of the Dungeon.
             The game lasted 00:02:44 (1274 turns).

sanka the Changer (Demigod Transmuter)              Turns: 1274, Time: 00:02:44

Health: 0/27       AC:  2    Str: 11    XL:     3   Next: 33%
Magic:  7/8        EV: 12    Int: 19    God:
Gold:   21         SH:  0    Dex: 14    Spells: 0/6 levels left

rFire   . . .      SeeInvis .     - Unarmed
rCold   . . .      Faith    .   (no shield)
rNeg    . . .      Spirit   .   a - +0 robe
rPois   .          Reflect  .   (helmet currently unavailable)
rElec   .          Harm     .   (no cloak)
rCorr   .          Rampage  .   (no gloves)
Will    +....                   (boots currently unavailable)
Stlth   +.........              (no amulet)
HPRegen 0.09/turn               (no ring)
MPRegen 0.11/turn               b - ring of willpower

@: appendages
A: horns 2, talons 2, high mp 1, forlorn
a: End Transformation


You were on level 1 of the Dungeon.
You had temporarily grown beastly horns and talons.
You visited 1 branch of the dungeon, and saw 2 of its levels.

You collected 21 gold pieces.


Innate Abilities, Weirdness & Mutations

You have temporarily grown beastly horns and talons.
Your attributes grow dramatically as you level up.
You have an increased reservoir of magic. (+10% MP)
You shall have no god before yourself.


   Skills:
 - Level 0.8 Fighting
 - Level 1.7 Dodging
 - Level 2.6 Unarmed Combat
 - Level 2.0 Spellcasting
 + Level 3.5 Transmutations


You couldn't memorise any spells.
You knew the following spells:

 Your Spells              Type           Power      Damage    Failure   Level
x - Spider Form           Tmut/Pois      4%         N/A       24%         3
y - Wereblood             Tmut           15%        N/A       6%          2
z - Beastly Appendage     Tmut           30%        N/A       4%          1

Your spell library contained the following spells:

 Spells                   Type           Power      Damage    Failure   Level
 Ice Form                 Ice/Tmut       8%         N/A       63%         4

Inventory:

Missiles
 j - a throwing net {=f}
Armour
 a - a +0 robe (worn)
Jewellery
 b - a ring of willpower (right hand)
 c - a ring of fire
Scrolls
 d - a scroll of fear {unknown}
 e - a scroll of enchant armour {unknown}
 h - 2 scrolls of teleportation {unknown}
Potions
 f - a potion of heal wounds {unknown}
 g - a potion of experience {unknown}
 i - a potion of might {unknown}
 k - a potion of curing {unknown}

Dungeon Overview and Level Annotations

Branches:
Dungeon (2/15)

Annotations:
D:2 Sigmund

.......▒▒....▒▒
▒..........▒
.......▒▒.▒▒..▒
▒▒▒▒▒▒▒▒▒▒▒▒
..........▒▒▒.▒▒
..........▒▒▒..▒
.▒▒..........▒.▒
.............▒.▒▒
.▒▒▒.▒▒......▒..▒
.▒
▒.▒.......▒▒g▒▒▒
▒▒
▒.........▒▒.p.▒▒
▒
▒..▒......▒▒▒▒..▒
▒ ▒.÷▒▒▒▒▒▒▒▒
▒▒.▒ ▒ ▒..▒ ▒.▒
▒▒..▒ ▒.▒▒▒
▒▒...▒ ▒...▒
▒...▒▒ ▒▒▒.▒
▒...▒ ▒.▒ ▒..▒▒
▒.▒


You could see a hobgoblin.


Message History

You feel sick.
A rat comes into view.
Your transformation is almost over.
You feel sick.
You feel sick.
You feel sick.
A goblin comes into view. It is wielding a +0 club.
You feel sick.
The goblin shouts!
You feel sick.
You are no longer poisoned.
There is an escape hatch in the ceiling here.
The hobgoblin closely misses you. A mysterious force pulls you upwards.
The hatch slams shut behind you.
Your horns disappear.
Your talons disappear.
Unknown command.
You grow a pair of large bovine horns.
Your feet morph into talons.
The hobgoblin hits you but does no damage.
You hit the hobgoblin but do no damage. The hobgoblin hits you.
* * * LOW HITPOINT WARNING * * *
You hit the hobgoblin but do no damage. Your kick misses the hobgoblin.
The hobgoblin closely misses you.
You closely miss the hobgoblin. Your headbutt misses the hobgoblin.
The hobgoblin hits you.
You die...

Action                   || total
-------------------------++-------
Melee: Unarmed           ||    78
       Kick              ||    15
       Headbutt          ||    10
 Cast: Beastly Appendage ||    28
Armor: Robe              ||    16
Dodge: Dodged            ||    47

Levels and vault maps discovered:
D:1:      amcnicky_arrival_flooded_fountain, layout_rooms,
          ebering_ecumenical_altar_ruins
D:2:      layout_loops_cross, uniq_sigmund

Notes
Turn   | Place    | Note
-------+----------+-------------------------------------------
     0 | D:1      | sanka the Demigod Transmuter began the quest for the Orb.
     0 | D:1      | Reached XP level 1. HP: 15/15 MP: 5/5
    53 | D:1      | Reached skill level 2 in Transmutations
    57 | D:1      | Reached skill level 2 in Spellcasting
   152 | D:1      | Reached XP level 2. HP: 19/22 MP: 5/7
   423 | D:1      | Learned a level 2 spell: Wereblood
   592 | D:1      | Reached skill level 3 in Transmutations
   915 | D:1      | Reached XP level 3. HP: 24/27 MP: 8/8
   946 | D:1      | Learned a level 3 spell: Spider Form
  1077 | D:2      | Noticed Sigmund
  1272 | D:1      | HP: 2/27 [hobgoblin (1)]
  1274 | D:1      | Slain by a hobgoblin

Vanquished Creatures
  An adder (D:2)
  A dart slug (D:1)
  3 ball pythons
  6 bats
  6 endoplasms
  3 goblins (D:1)
  3 hobgoblins (D:1)
  4 jackals (D:1)
  4 frilled lizards (D:1)
  A kobold (D:1)
  A rat (D:1)
33 creatures vanquished.
